 Dungeon Crawl Stone Soup version 0.24-a0-652-g46ecf6da75 (webtiles) character file.

Game seed: 4472130996193461154, levelgen mode: deterministic

982 Sortefugl the Slinger (level 8, -3/54 HPs)
             Began as a Halfling Hunter on Sept 25, 2019.
             Was a Follower of Nemelex Xobeh.
             Slain by a hell hound (9 damage)
             ... on level 1 of the Abyss on Sept 26, 2019.
             The game lasted 01:28:10 (5449 turns).

Sortefugl the Slinger (Halfling Hunter)             Turns: 5449, Time: 01:28:11

Health: -3/54      AC:  5    Str: 13    XL:     8   Next: 40%
Magic:  8/8        EV: 14    Int:  9    God:    Nemelex Xobeh [*.....]
Gold:   149        SH:  0    Dex: 17    Spells: 7/7 levels left

rFire    . . .     SeeInvis .   Z - +2 dagger (flame)
rCold    . . .     Gourm    .   (shield restricted)
rNeg     . . .     Faith    +   x - +0 ring mail
rPois    .         Spirit   .   (no helmet)
rElec    .         Reflect  .   (no cloak)
rCorr    .         Harm     .   (no gloves)
MR       .....                  (no boots)
Stlth    +.........             M - amulet of faith
HPRegen  0.18/turn              (no ring)
MPRegen  0.11/turn              (no ring)

@: no status effects
A: small, mutation resistance 1
a: Draw Escape, Draw Destruction, Draw Summoning, Renounce Religion


You were on level 1 of the Abyss.
You worshipped Nemelex Xobeh.
Nemelex Xobeh was aware of your devotion.
You were not hungry.

You visited 1 branch of the dungeon, and saw 10 of its levels.
You visited the Abyss 1 time.

You collected 284 gold pieces.
You spent 135 gold pieces at shops.

Inventory:

Hand Weapons
 a - a +1 hunting sling
 b - a +0 short sword
 d - a +0 trident
 h - a +0 dagger
 n - a +0 club
 s - a +0 dagger
 t - a +0 short sword
 w - a +0 spear
 F - a +0 whip
 G - a +0 hunting sling
 H - a +0 morningstar
 P - a +0 whip of venom
 Q - a +0 spear
 Z - a +2 dagger of flaming (weapon)
Missiles
 g - 29 poisoned darts (quivered)
 k - 47 stones
 r - 3 javelins
 O - 37 bolts
 V - 6 atropa-tipped darts
Armour
 c - a +0 leather armour
 e - a +0 leather armour
 l - a +0 ring mail
 m - a +0 robe
 v - a +0 ring mail
 x - a +0 ring mail (worn)
 y - a +0 helmet
 A - a +0 leather armour
 I - a +0 ring mail
 S - a +0 buckler
Jewellery
 i - a cursed -3 ring of intelligence
 p - an uncursed amulet of regeneration {unknown}
 K - an uncursed amulet of rage {unknown}
 M - an amulet of faith (around neck)
Wands
 j - a wand of iceblast (6)
 u - a wand of random effects (29)
 J - a wand of paralysis (5)
 T - a wand of polymorph (7)
Scrolls
 q - 6 scrolls of remove curse
 z - a scroll of immolation {unknown}
 E - a scroll of summoning {unknown}
 N - a scroll of holy word {unknown}
 U - a scroll of fear {unknown}
 W - a scroll of blinking {unknown}
 X - 3 scrolls of amnesia {unknown}
Potions
 o - a potion of agility {unknown}
 B - a potion of resistance {unknown}
 C - a potion of haste
 D - 2 potions of brilliance {unknown}
 L - a potion of lignification
 R - a potion of ambrosia
 Y - 2 potions of cancellation {unknown}
Comestibles
 f - 3 rations


   Skills:
 + Level 4.1 Fighting
 + Level 11.7 Slings
 + Level 2.8 Armour
 + Level 2.8 Dodging
 + Level 1.7 Stealth


You had 7 spell levels left.
You didn't know any spells.
Your spell library was empty.

Dungeon Overview and Level Annotations

Branches:
Dungeon (10/15)
 Temple: D:4-7         Lair: D:8-11         Orc: D:9-12

Altars:
Nemelex Xobeh
Wu Jian

Shops:
D:6 !!?*   D:8 *


Innate Abilities, Weirdness & Mutations

You are small and have problems with some larger weapons.
You are somewhat resistant to further mutation.


Message History

You now have 4 escape cards, 9 destruction cards and 7 summoning cards.
Your pack is full.
You see here a scroll labeled USKOKHLEY ZEUCS.
Found a worn lead wand.
Your pack is full.
You see here a wand of iceblast (6).
Your pack is full.
You see here a wand of iceblast (6).
You can't carry that many items.
You drop 87 arrows.
j - a wand of iceblast (6)
A large abomination comes into view.
A hell hound comes into view.
The hell hound barks!
The hell hound breathes flames at you. The blast of flame hits you!!
* * * LOW HITPOINT WARNING * * *
The hell hound bites you!
You die...
Your body disappears without a glow.

## .# .## # #
###.## #.##
#.#.#@.# .. ..#
#.#.h##.# #.
#.###.#.####
#....##.X...#
#..##.##.#######
...
#...........# .
#............
#.....(....#.
#..#.........


You could see a large abomination and a hell hound.

Vanquished Creatures
  A spriggan (D:7)
  An orc warrior (D:7)
  A phantom (D:6)
  A bullfrog (D:9)
  A howler monkey (D:7)
  2 crimson imps
  An orc priest (D:7)
  A hound (D:4)
  Natasha (thrice) (D:3)
  3 worker ants
  A killer bee zombie (D:7)
  A worker ant zombie (D:8)
  7 gnolls
  5 adders
  A shadow imp (D:8)
  A white imp (D:7)
  A worm (D:3)
  3 leopard geckos
  7 orcs
  3 giant cockroaches
  6 goblins
  2 hobgoblins (D:1)
  6 jackals (D:1)
  A quokka (D:5)
  2 bats (D:1)
  2 frilled lizards
  4 kobolds
  A quokka skeleton (D:5)
  5 rats
74 creatures vanquished.

Vanquished Creatures (others)
  A bullfrog (D:9)
1 creature vanquished.

Grand Total: 75 creatures vanquished

Notes
Turn   | Place    | Note
-------+----------+-------------------------------------------
     0 | D:1      | Sortefugl the Halfling Hunter began the quest for the Orb.
     0 | D:1      | Reached XP level 1. HP: 14/14 MP: 1/1
    72 | D:1      | Reached skill level 6 in Slings
   320 | D:1      | Reached XP level 2. HP: 19/19 MP: 2/2
   708 | D:1      | Reached XP level 3. HP: 24/24 MP: 3/3
  1132 | D:2      | Reached skill level 7 in Slings
  1505 | D:2      | Reached skill level 1 in Armour
  1505 | D:2      | Reached XP level 4. HP: 29/29 MP: 4/4
  1729 | D:3      | Reached skill level 8 in Slings
  1729 | D:3      | Reached XP level 5. HP: 34/34 MP: 5/5
  1763 | D:3      | Noticed Natasha
  1778 | D:3      | Killed Natasha
  1785 | D:3      | Noticed Natasha
  1797 | D:3      | Killed Natasha
  1957 | D:3      | Noticed Natasha
  1979 | D:3      | Killed Natasha
  2303 | D:3      | Reached XP level 6. HP: 41/41 MP: 6/6
  2614 | D:4      | Reached skill level 9 in Slings
  2772 | D:4      | Found an ornate altar of the Wu Jian Council.
  2944 | D:5      | Entered Level 5 of the Dungeon
  3197 | D:5      | Found a sparkling altar of Nemelex Xobeh.
  3542 | D:5      | Became a worshipper of Nemelex Xobeh the Trickster
  3628 | D:6      | Noticed a phantom
  3654 | D:6      | Found Dypriub's Distillery.
  3655 | D:6      | Noticed a phantom
  3658 | D:6      | Found Uvonoxtot's Magic Scroll Boutique.
  3671 | D:6      | Found Cyinwiko's General Store.
  3705 | D:6      | Killed a phantom
  3705 | D:6      | Reached skill level 10 in Slings
  3705 | D:6      | Reached XP level 7. HP: 45/46 MP: 7/7
  3706 | D:6      | Found Dinyny's Distillery.
  3733 | D:6      | Noticed a hippogriff
  3763 | D:7      | Received a gift from Nemelex Xobeh
  3886 | D:7      | Noticed a steam dragon
  3901 | D:7      | You fall into a shaft and drop 2 floors!
  4198 | D:9      | Noticed a troll
  4242 | D:8      | Found Jiklu's Assorted Antiques.
  4246 | D:8      | Bought a scroll of identify for 54 gold pieces
  4246 | D:8      | Bought 3 scrolls labeled HIARAU LUGGEKO for 81 gold pieces
  4431 | D:7      | Noticed a spriggan baker
  4464 | D:7      | Killed a spriggan baker
  4464 | D:7      | Reached skill level 11 in Slings
  4464 | D:7      | Reached XP level 8. HP: 10/54 MP: 8/8
  4485 | D:7      | HP: 1/54 [something (6)]
  4489 | D:7      | You fall into a shaft and drop 3 floors!
  4489 | D:10     | Entered Level 10 of the Dungeon
  4605 | D:9      | Received a gift from Nemelex Xobeh
  4614 | D:9      | HP: 2/54 [worker ant (2)]
  5236 | D:8      | Reached * piety under Nemelex Xobeh
  5255 | D:8      | Noticed a hippogriff
  5359 | D:7      | Cast into level 1 of the Abyss (drawing a card)
  5408 | Abyss:1  | Received a gift from Nemelex Xobeh
  5440 | Abyss:1  | Noticed a large abomination
  5449 | Abyss:1  | Slain by a hell hound

Levels and vault maps discovered:
D:1:      dpeg_chamrin_arrival_tetris, layout_loops_corners,
          minmay_split_cup_small
D:2:      layout_basic
D:3:      layout_basic, kiku_gazebo_garden_becter, first_ration, uniq_natasha
D:4:      layout_loops_cross, nicolae_gozag_cash_rules_everything_around_me,
          lemuel_round_altar, minmay_temple_entry_mini_moons, solitary_fountain,
          cheibrodos_ashenzari_chains, uniq_sigmund
D:5:      layout_rooms, lemuel_crystal_altar, biasface_ghost_orc_armoury,
          serial_park_tiny_2
D:6:      layout_rooms, gammafunk_temple_overflow_wave, minmay_shop_grid_forest,
          uniq_pikel
D:7:      layout_basic, the_bakery, minmay_misc_feat_nine_boxes
D:8:      layout_basic, elyvilon_altar_1, grunt_lair_entry_orc_guard_hut,
          serial_shops, nicolae_shop_crystal
D:9:      layout_rooms
D:10:     layout_roguey
Abyss:1

Skill      XL: |  1  2  3  4  5  6  7  8 |
---------------+-------------------------+-----
Slings         | 6 7 8 10 11 | 11.7
Fighting       | 2 3 4 |  4.1
Armour         | 1 2 |  2.8
Dodging        | |  2.8
Stealth        | |  1.7

Action                   |  1- 3 |  4- 6 |  7- 9 || total
-------------------------+-------+-------+-------++-------
Melee: Dagger            |       |       |     5 ||     5
 Fire: Hunting sling     |    65 |   161 |   132 ||   358
 Abil: Draw Destruction  |       |       |     3 ||     3
       Draw Escape       |       |       |     4 ||     4
Evoke: Wand              |       |     2 |     2 ||     4
  Use: Scroll            |     2 |     2 |     3 ||     7
       Potion            |       |     4 |     3 ||     7
  Eat: Ration            |       |     3 |     1 ||     4
Armor: Leather armour    |     3 |     4 |       ||     7
       Ring mail         |       |     4 |    20 ||    24
Dodge: Dodged            |    16 |    41 |    62 ||   119

Table legend:
 A = Non-vault XP
 B = Vault XP
 C = Vault XP percentage of total XP
 D = Non-vault monster count
 E = Vault monster count
 F = Vault count percentage of total count
                 A         B        C        D         E       F
            +---------+---------+-------+---------+---------+-------
      Total |    1137 |     267 |  19.0 |      70 |       5 |   6.7
            +---------+---------+-------+---------+---------+-------
        D:1 |      40 |       3 |   7.0 |      17 |       3 |  15.0
        D:2 |      37 |       0 |   0.0 |       8 |       0 |   0.0
        D:3 |     169 |      35 |  17.2 |      18 |       1 |   5.3
        D:4 |      73 |       0 |   0.0 |       2 |       0 |   0.0
        D:5 |      80 |       0 |   0.0 |       6 |       0 |   0.0
        D:6 |     185 |       0 |   0.0 |       3 |       0 |   0.0
        D:7 |     291 |     229 |  44.0 |      10 |       1 |   9.1
        D:8 |      28 |       0 |   0.0 |       2 |       0 |   0.0
        D:9 |     234 |       0 |   0.0 |       4 |       0 |   0.0
            +---------+---------+-------+---------+---------+-------
